 Dungeon Crawl Stone Soup version 0.17.1-1-g73c8601 (webtiles) character file.

121730 zhaorenw the Brawler (level 16, -14/152 HPs)
             Began as a Troll Fighter on Jan 5, 2016.
             Was the Champion of the Shining One.
             Hit by a large rock thrown by a stone giant (36 damage)
             ... on level 1 of the Depths.
             The game lasted 01:18:06 (27578 turns).

zhaorenw the Brawler (Troll Fighter)               Turns: 27578, Time: 01:18:06

Health: -14/152    AC:  8    Str: 37    XL:     16   Next: 33%
Magic:  28/28      EV: 14    Int:  6    God:    the Shining One [******]
Gold:   1786       SH: 31    Dex: 19    Spells: 0 memorised, 15 levels left

rFire  x . .     SeeInvis .       - Unarmed
rCold  + . .     Clarity  .     g - +0 troll leather armour {Purgy}
rNeg   + + +     SustAt   .     p - +8 large shield of Happiness {MP+9 Str+3}
rPois  .         Gourm    +     (helmet restricted)
rElec  +         Spirit   .     U - +0 cloak of the Thirteen Realms {MR++ Str+4} (curse)
rCorr  .         Warding  .     (gloves unavailable)
rMut   .         Stasis   .     (boots unavailable)
MR     +++..                    q - amulet of regeneration {+regen, !d}
Stlth  +.........               u - ring of the Komtur {rElec rN+ Dex+5}
                                y - ring of ice {rC+, rF-}

@: glowing, extremely resistant to hostile enchantments, very unstealthy
A: unfitting armour, antennae 1, claws 3, clever 1, fast metabolism 3, gourmand,
regeneration 3, shaggy fur 1, strong 1, tough skin 2
a: Divine Shield, Cleansing Flame, Summon Divine Warrior, Brand Weapon With Holy
Wrath, Renounce Religion


You were on level 1 of the Depths.
You worshipped the Shining One.
The Shining One was exalted by your worship.
You were very full.

You visited 4 branches of the dungeon, and saw 28 of its levels.
You also visited: Labyrinth, Sewer and Ossuary.

You collected 3104 gold pieces.
You spent 1318 gold pieces at shops.

Inventory:

Missiles
 j - 11 javelins
 x - 15 large rocks (quivered) {!d}
 Q - 2 throwing nets {=f, !d}
 S - 2 tomahawks of dispersal {=f}
Armour
 g - a +0 troll leather armour (worn) {Purgy}
   (You found it in a sewer)
 p - the +8 large shield of Happiness (worn) {MP+9 Str+3}
   (You acquired it on level 5 of the Lair of Beasts)

   It affects your strength (+3).
   It affects your magic capacity (+9).
 U - the cursed +0 cloak of the Thirteen Realms (worn) {MR++ Str+4}
   (You bought it in a shop on level 4 of the Orcish Mines)

   It affects your strength (+4).
   It affects your resistance to hostile enchantments.
   It has a curse placed upon it.
Rods
 O - a +6 lightning rod (10/10)
   (You took it off a minotaur in a labyrinth)
Jewellery
 e - an uncursed ring of protection from fire {rF+, !d}
   (You found it on level 3 of the Dungeon)
 q - an amulet of regeneration (around neck) {+regen, !d}
   (You found it on level 3 of the Dungeon)
 s - an uncursed ring of flight {+Fly, !d}
   (You took it off an orc on level 8 of the Dungeon)
 u - the ring of the Komtur (right claw) {rElec rN+ Dex+5}
   (You found it on level 8 of the Lair of Beasts)

   [ring of dexterity]

   It affects your dexterity (+5).
   It insulates you from electricity.
   It protects you from negative energy.
 y - a ring of ice (left claw) {rC+, rF-}
   (You took it off Fannar on level 3 of the Lair of Beasts)
 N - an uncursed ring of sustain attributes
   (You found it on level 4 of the Lair of Beasts)
Wands
 a - a wand of teleportation (5)
   (You found it in a sewer)
 l - a wand of cold (5)
   (You found it on level 7 of the Lair of Beasts)
 v - a wand of fireball (7)
   (You found it on level 7 of the Lair of Beasts)
 A - a wand of disintegration (7)
   (You found it on level 11 of the Dungeon)
 L - a wand of digging (20)
   (You found it on level 1 of the Lair of Beasts)
Scrolls
 c - a scroll of enchant weapon
 k - 3 scrolls of magic mapping {!r}
 t - 14 scrolls of remove curse
 w - 4 scrolls of amnesia
 C - a scroll of teleportation
 E - 2 scrolls of fear
 F - 2 scrolls of summoning
 H - 4 scrolls of recharging
 I - 5 scrolls of immolation {!r}
 J - 3 scrolls of fog
 M - 2 scrolls of blinking {!r}
Potions
 b - 2 potions of heal wounds
 i - 11 potions of curing
 n - 3 potions of agility
 o - a potion of cure mutation {!q}
 r - 3 potions of berserk rage {!q}
 z - 2 potions of magic
 D - 6 potions of might
 G - a potion of brilliance
 R - 2 potions of haste
Miscellaneous
 m - a plain deck of summoning {drawn: 3}
   (You found it on level 8 of the Lair of Beasts)
 T - a plain deck of summoning {drawn: 2}
   (You bought it in a shop on level 4 of the Orcish Mines)
Comestibles
 d - 14 bread rations {@e1}
 f - 57 fruits
 h - 11 slices of pizza
 B - 8 meat rations {@e2}


   Skills:
 - Level 8.1 Fighting
 - Level 8.0 Throwing
 - Level 4.2 Armour
 - Level 7.1 Dodging
 * Level 14.1 Shields
 - Level 17.1 Unarmed Combat
 + Level 6.6 Invocations


You had 15 spell levels left.
You didn't know any spells.

Dungeon Overview and Level Annotations

Branches:
Dungeon (15/15)            Temple (0/1) D:5            Lair (8/8) D:8
 Shoals (0/4) Lair:6       Spider (0/4) Lair:3        Slime (0/6) Lair:8
    Orc (4/4) D:12            Elf (0/3) Orc:4        Vaults (0/5) D:14
 Depths (1/5) D:15

Altars:
Ashenzari
Cheibriados
Dithmenos
Fedhas
Kikubaaqudgha
Makhleb
Nemelex Xobeh
Ru
Trog
Vehumet
Xom
Yredelemnul
Zin
The Shining One

Shops:
D:8 (   D:11 }   D:15 (   Orc:2 !:=   Orc:4 [!*=

Portals:
Hell: Lair:8

Annotations:
Depths:1 1 runed door


Innate Abilities, Weirdness & Mutations

You are too large for most types of armour.
You have claws for hands.
Your metabolism is lightning-fast.
You like to eat raw meat.
You regenerate.
You are covered in fur (AC +1).
You have very tough skin (AC +2).
You have a pair of small antennae on your head.
Your mind is acute. (Int +2)
Your muscles are strong. (Str +2)


Message History

You regained 2 hp, and now have 57/152 hp.
Zhaorenw's illusion disappears in a puff of smoke!
You regained 2 hp, and now have 60/152 hp.
You regained 2 hp, and now have 62/152 hp.
Things that are here:
an uncursed arbalest; 15 silver bolts You regained 2 hp, and now have 64/152 hp.
Things that are here:
a dire flail x2 9 poisoned needles The boggart shouts!
The boggart gestures wildly while chanting.
You see here 2 bolts.
You regained 2 hp, and now have 67/152 hp.
The iron troll shouts!
The boggart shouts!
The boggart mumbles some strange words.
You regained 2 hp, and now have 69/152 hp.
Things that are here:
an uncursed arbalest; 7 bolts You regained 2 hp, and now have 71/152 hp.
The deep troll shaman calls upon its god to strengthen the deep troll.
The deep troll seems to grow stronger.
All of the chunks of flesh in your inventory have rotted away.
You see here 2 bolts.
Things that are here:
a dire flail x2 9 poisoned needles You regained 2 hp, and now have 74/152 hp.
You regained 2 hp, and now have 76/152 hp.
You mangle the ettin!! You block the ettin's attack.
You block the ettin's attack.
You eviscerate the ettin!!! The ettin closely misses you.
The ettin hits you with a dire flail!!!
* * * LOW HITPOINT WARNING * * *
You take 36 damage, and have 41/152 hp.
MASSIVE DAMAGE!!
Read which item? (? for menu, Esc to quit)
As you read the scroll of teleportation, it crumbles to dust.
You feel strangely unstable.
The boggart mumbles some strange words.
The boggart blinks!
You block the iron troll's attack. The iron troll closely misses you.
You block the iron troll's attack. You block the boggart's attack.
You block the ettin's attack. The ettin barely misses you.
You block the boggart's attack.
You regained 2 hp, and now have 44/152 hp.
You mangle the boggart!! You block the ettin's attack.
The ettin hits you with a dire flail!
* * * LOW HITPOINT WARNING * * *
The ettin hits you with a dire flail!
* * * LOW HITPOINT WARNING * * *
You block the ettin's attack.
The boggart casts a spell.
The boggart blinks!
You take 21 damage, and have 23/152 hp.
Unknown command.
You regained 2 hp, and now have 25/152 hp.
Your surroundings suddenly seem different.
A giant orange brain comes into view.
The giant orange brain turns its gaze towards you.
A fire giant comes into view.
It is wielding a great sword of flaming.
The fire giant shouts!
A quicksilver dragon comes into view.
The quicksilver dragon roars!
A yaktaur comes into view.
The yaktaur shouts!
A stone giant comes into view.
The stone giant shouts!
A green very ugly thing comes into view.
The green very ugly thing gurgles horribly!
A frost giant comes into view. It is wielding a battleaxe of freezing.
The frost giant shouts!
The quicksilver dragon breathes dispelling energy at you.
You block the bolt of dispelling energy.
The yaktaur wields an arbalest.
The yaktaur shoots a bolt.
You block the bolt.
The giant orange brain pulsates.
A fire dragon comes into view.
The fire dragon breathes flames at you. The blast of flame hits you!
The fire burns you terribly!
* * * LOW HITPOINT WARNING * * *
The yaktaur captain wields an arbalest.
The yaktaur captain shoots a bolt.
You block the bolt.
A vampire mage comes into view.
The vampire mage mumbles some strange words.
The vampire mage flickers and vanishes for a moment.
An ice dragon comes into view.
The ice dragon breathes frost at you. The blast of cold misses you.
The stone giant throws a large rock.
The large rock barely misses you.
A yaktaur captain, a stone giant, a titan and 2 entropy weavers come into view.
You see here a bolt.
You take 19 damage, and have 6/152 hp.
Drink which item? (? for menu, Esc to quit)
You feel much better.
You block the quicksilver dragon's attack. x2
The frost giant gestures at you while chanting.
The bolt of cold hits you! You resist.
* * * LOW HITPOINT WARNING * * *
The stone giant throws a large rock.
The large rock hits you!!!
You die...

###+###
##D.G..##
#.....C.#
##....G..##
#..V...D(c#
#..C..p@..#
...........#
.C.........#
.....p.u..C.#
.c.C.....D..#
....(......?.#
#####+########


You could see a titan, a frost giant, a green very ugly thing, a fire giant, a
fire dragon, an ice dragon, a quicksilver dragon, 2 stone giants, a yaktaur
captain, 2 entropy weavers, 2 giant orange brains, a vampire mage (invisible)
and a yaktaur.

Vanquished Creatures
  A sphinx (shapeshifter) (D:14)
  Kirke (D:15)
  A fire giant (Depths:1)
  2 frost giants
  A stone giant (Depths:1)
  5 very ugly things
  A dire elephant (Lair:8)
  3 ettins
  Snorg (Orc:4)
  A fire dragon (D:14)
  A minotaur (Lab)
  A hell beast (Lair:8)
  7 ogre magi
  2 ice dragons
  Fannar (Lair:3)
  A great orb of eyes (D:15)
  8 hydras
  Erica (D:8)
  4 centaur warriors
  Nergalle (D:12)
  A fire crab (D:14)
  A skeletal warrior (D:15)
  2 unseen horrors (D:15)
  3 lindwurms
  A deep troll (D:14)
  A wizard (Lair:8)
  4 hill giants
  The ghost of jojo1314 the Covered, a novice MiBe of Trog (D:5)
  3 orc knights (D:15)
  A phantasmal warrior (D:15)
  2 orc sorcerers
  A necromancer (D:15)
  2 griffons
  13 ugly things
  2 black mambas
  A wolf spider (shapeshifter) (D:14)
  4 slime creatures (D:12)
  A moth of wrath (D:6)
  2 cyclopes
  A fire giant skeleton (D:15)
  9 elephants
  A black mamba (shapeshifter) (D:14)
  A molten gargoyle (D:15)
  Psyche (D:8)
  2 torpor snails
  3 orange demons (Lair:8)
  16 spiny frogs
  A spriggan skeleton (D:15)
  8 komodo dragons
  5 yaktaurs (Depths:1)
  A kobold demonologist (D:14)
  5 fire drakes
  A hellwing (Lair:8)
  A deep elf priest (D:9)
  A guardian mummy (D:15)
  27 two-headed ogres
  3 polar bears (Lair:4)
  19 blink frogs
  6 blue devils (Lair:8)
  Grinder (D:3)
  Prince Ribbit (D:8)
  A boulder beetle (Lair:6)
  5 trolls
  A deep troll skeleton (D:15)
  4 hogs (D:15)
  A spriggan (Lair:5)
  3 basilisks
  4 wraiths
  2 shadows
  64 yaks
  A trapdoor spider (D:14)
  5 vampire mosquitoes
  10 hippogriffs
  A vampire (D:14)
  3 wyverns
  3 deep elf magi (D:11)
  2 hungry ghosts
  A fire elemental (D:15)
  A mottled dragon (D:11)
  A warg (D:12)
  6 wolves (Lair:8)
  10 water moccasins
  A hell hound (Lair:8)
  5 sky beasts
  9 porcupines
  16 orc warriors
  Purgy (Sewer)
  A black bear (shapeshifter) (D:12)
  8 spiders (Lair:3)
  33 ogres
  A boggart (Depths:1)
  The ghost of MostlySquishy the Covered, an amateur MiFi (D:4)
  2 wasps
  4 black bears
  5 necrophages (Lair:2)
  4 phantoms
  4 ice beasts
  An eye of draining (D:12)
  12 crocodiles
  8 big kobolds
  A brain worm (D:14)
  7 centaurs
  21 giant frogs
  6 elf zombies
  A wyvern zombie (D:6)
  4 scorpions
  A water moccasin skeleton (D:10)
  16 killer bees
  29 wights
  2 giant frog zombies
  6 crimson imps
  6 hounds
  4 centaur skeletons
  10 centaur zombies
  3 jellies
  A lava snake (D:15)
  20 orc priests
  Ijyb (D:2)
  2 giant frog skeletons (D:12)
  A gnoll shaman (D:8)
  14 iguanas
  Jessica (D:2)
  3 human zombies (Ossuary)
  2 quasits
  23 orc wizards
  22 sheep
  16 worker ants
  A killer bee zombie (D:5)
  3 mummies (Ossuary)
  2 worker ant zombies
  13 gnolls
  62 river rats
  17 adders
  3 shadow imps
  5 oozes
  3 adder skeletons
  An adder zombie (D:9)
  5 worms
  5 giant geckos
  108 orcs
  3 ball pythons (D:3)
  11 giant cockroaches
  5 goblins
  7 hobgoblins
  13 jackals
  28 kobolds
  10 bats
  3 giant newts
  5 quokkas
  A quokka skeleton (D:6)
  A quokka zombie (D:5)
  14 rats
  2 bushes (Lair:5)
  2 butterflies (D:7)
  A fire vortex (D:15)
  2 fungi
1008 creatures vanquished.

Vanquished Creatures (collateral kills)
  A hydra (Lair:4)
1 creature vanquished.

Vanquished Creatures (others)
  A human (D:15)
  14 fungi
  4 plants
19 creatures vanquished.

Grand Total: 1028 creatures vanquished

Notes
Turn   | Place    | Note
--------------------------------------------------------------
     0 | D:1      | zhaorenw the Troll Fighter began the quest for the Orb.
     0 | D:1      | Reached XP level 1. HP: 22/22 MP: 0/0
   182 | D:1      | Reached XP level 2. HP: 25/29 MP: 1/1
  1007 | D:2      | You fall through a shaft for 2 floors!
  1010 | D:4      | Noticed a giant frog
  1010 | D:4      | Reached skill level 3 in Unarmed Combat
  1010 | D:4      | Reached XP level 3. HP: 36/36 MP: 2/2
  1011 | D:4      | Noticed MostlySquishy's ghost (amateur MiFi)
  1022 | D:4      | Killed a giant frog
  1022 | D:4      | Reached skill level 3 in Fighting
  1022 | D:4      | Reached skill level 4 in Unarmed Combat
  1022 | D:4      | Reached XP level 4. HP: 26/45 MP: 3/3
  1108 | D:3      | Found a snail-covered altar of Cheibriados.
  1135 | D:3      | Found a radiant altar of Vehumet.
  1435 | D:3      | Reached XP level 5. HP: 41/53 MP: 4/4
  1735 | D:3      | Found a shadowy altar of Dithmenos.
  1735 | D:3      | Found an ancient bone altar of Kikubaaqudgha.
  1821 | D:3      | Found a glowing drain.
  1829 | Sewer    | Entered a sewer
  1866 | Sewer    | Noticed Purgy
  1886 | Sewer    | Killed Purgy
  1886 | Sewer    | Reached skill level 5 in Unarmed Combat
  1886 | Sewer    | Reached XP level 6. HP: 18/62 MP: 5/5
  2099 | D:3      | Noticed Grinder
  2123 | D:3      | Killed Grinder
  2123 | D:3      | Reached skill level 4 in Fighting
  2123 | D:3      | Reached skill level 6 in Unarmed Combat
  2123 | D:3      | Reached XP level 7. HP: 69/71 MP: 6/6
  2243 | D:2      | Found a glowing golden altar of the Shining One.
  2262 | D:2      | Became a worshipper of the Shining One
  2467 | D:2      | Found a faded altar to an unknown god.
  2557 | D:2      | Noticed Ijyb
  2565 | D:2      | Killed Ijyb
  2935 | D:2      | Noticed Jessica
  2944 | D:2      | Killed Jessica
  3254 | D:4      | Killed MostlySquishy's ghost
  3267 | D:4      | Got a fine hunting sling
  3317 | D:4      | Lost intelligence.
  3317 | D:4      | Identified the cursed +0 hunting sling "Zuunkesch" {venom, rPois rF+ Str+6 Int-4} (You found it on level 4 of the Dungeon)
  3402 | D:4      | Noticed an ogre
  3453 | D:4      | Killed an ogre
  3453 | D:4      | Reached skill level 5 in Fighting
  3453 | D:4      | Reached skill level 7 in Unarmed Combat
  4074 | D:5      | Entered Level 5 of the Dungeon
  4124 | D:5      | Noticed jojo1314's ghost (novice MiBe)
  4142 | D:5      | HP: 7/72 [jojo1314's ghost (13)]
  4161 | D:5      | Killed jojo1314's ghost
  4161 | D:5      | Reached skill level 8 in Unarmed Combat
  4161 | D:5      | Reached XP level 8. HP: 37/83 MP: 7/7
  4174 | D:5      | Found a staircase to the Ecumenical Temple.
  4325 | D:5      | Gained mutation: You have a pair of small antennae on your head. [mutagenic meat]
  4326 | D:5      | Gained mutation: You regenerate. [mutagenic meat]
  4364 | D:5      | Reached * piety under the Shining One
  4367 | D:5      | Reached skill level 6 in Fighting
  4373 | D:5      | Reached skill level 9 in Unarmed Combat
  4378 | D:5      | HP: 20/83 [orc wizard/magic dart (6)]
  4451 | D:5      | Found a sand-covered staircase.
  4457 | Ossuary  | Entered an ossuary
  4514 | Ossuary  | Reached ** piety under the Shining One
  4514 | Ossuary  | Reached XP level 9. HP: 91/91 MP: 8/8
  4563 | Ossuary  | Reached skill level 10 in Unarmed Combat
  5252 | D:6      | Reached skill level 7 in Fighting
  5291 | D:6      | Reached skill level 11 in Unarmed Combat
  5369 | D:6      | Found a burning altar of Makhleb.
  5398 | D:6      | Reached *** piety under the Shining One
  5684 | D:6      | Noticed a moth of wrath
  5686 | D:6      | Found a bloodstained altar of Trog.
  5740 | D:6      | Killed a moth of wrath
  5813 | D:7      | Found a shattered altar of Ashenzari.
  5910 | D:7      | Found a glowing silver altar of Zin.
  6002 | D:7      | Reached skill level 12 in Unarmed Combat
  6002 | D:7      | Reached XP level 10. HP: 102/102 MP: 9/9
  6337 | D:7      | Found a shimmering altar of Xom.
  6710 | D:7      | Found a runed door.
  6713 | D:7      | Found a runed door.
  6842 | D:8      | Found a staircase to the Lair.
  6964 | D:8      | Reached skill level 13 in Unarmed Combat
  7139 | D:8      | Noticed Prince Ribbit
  7161 | D:8      | Found Qotzamiemao's Weapon Shoppe.
  7269 | D:8      | Found a sparkling altar of Nemelex Xobeh.
  7342 | D:8      | Reached **** piety under the Shining One
  7490 | D:8      | Killed Prince Ribbit
  7500 | D:8      | Noticed Psyche
  7506 | D:8      | Killed Psyche
  7570 | D:8      | Noticed a two-headed hydra
  7578 | D:8      | Reached skill level 14 in Unarmed Combat
  7584 | D:8      | Killed a three-headed hydra
  7643 | D:8      | Noticed Erica
  7660 | D:8      | Killed Erica
  7660 | D:8      | Reached XP level 11. HP: 98/109 MP: 10/10
  7874 | Lair:1   | Entered Level 1 of the Lair of Beasts
  8040 | Lair:1   | Reached skill level 3 in Shields
  8043 | Lair:1   | Reached skill level 3 in Dodging
  8058 | Lair:1   | Reached skill level 15 in Unarmed Combat
  8301 | D:9      | Reached skill level 4 in Shields
  8391 | D:9      | Found a basalt altar of Yredelemnul.
  8696 | D:9      | Reached skill level 4 in Dodging
  8767 | D:9      | Found a shadowy altar of Dithmenos.
  9141 | D:10     | Entered Level 10 of the Dungeon
  9212 | D:10     | Found a sacrificial altar of Ru.
  9286 | D:10     | Reached ***** piety under the Shining One
 10134 | Lair:1   | Reached skill level 5 in Shields
 10150 | Lair:1   | Reached skill level 1 in Armour
 10591 | Lair:2   | Reached XP level 12. HP: 99/118 MP: 11/11
 10669 | Lair:2   | Reached skill level 6 in Shields
 10693 | Lair:2   | Reached skill level 2 in Armour
 11415 | Lair:3   | Reached skill level 3 in Armour
 11436 | Lair:3   | Reached skill level 7 in Shields
 11535 | Lair:3   | Noticed Fannar
 11547 | Lair:3   | Killed Fannar
 11973 | Lair:3   | Found a hole to the Spider Nest.
 11988 | Lair:3   | Reached skill level 8 in Shields
 12217 | Lair:3   | Reached skill level 4 in Armour
 12641 | Lair:4   | Reached skill level 5 in Dodging
 12912 | Lair:4   | Noticed an eight-headed hydra
 13000 | Lair:4   | Killed an eight-headed hydra
 13002 | Lair:4   | Reached skill level 9 in Shields
 13267 | Lair:4   | Noticed a five-headed hydra
 13279 | Lair:4   | Killed a six-headed hydra
 13393 | Lair:4   | Reached skill level 1 in Invocations
 13674 | Lair:4   | Reached XP level 13. HP: 101/124 MP: 11/13
 14189 | Lair:5   | Reached skill level 2 in Invocations
 14228 | Lair:5   | Reached skill level 6 in Dodging
 14303 | Lair:5   | Reached skill level 3 in Invocations
 14325 | Lair:5   | Identified a scroll of acquirement
 14326 | Lair:5   | Got a jewelled large shield
 14337 | Lair:5   | Identified the +8 large shield of Happiness {MP+9 Str+3} (You acquired it on level 5 of the Lair of Beasts)
 15519 | D:11     | Found Ykhlimyth's Gadget Shop.
 15740 | D:11     | Noticed a hill giant
 15746 | D:11     | Killed a hill giant
 15838 | D:11     | Reached skill level 16 in Unarmed Combat
 16207 | D:12     | Reached skill level 1 in Throwing
 16246 | D:12     | Reached skill level 2 in Throwing
 16302 | D:12     | Noticed Nergalle
 16308 | D:12     | Killed Nergalle
 16482 | D:12     | Reached ****** piety under the Shining One
 16483 | D:12     | Found a staircase to the Orcish Mines.
 16507 | D:12     | Reached skill level 3 in Throwing
 16787 | D:12     | Reached skill level 10 in Shields
 16820 | D:12     | Reached skill level 4 in Throwing
 17368 | Lair:6   | Found a staircase to the Shoals.
 17638 | D:13     | Found a blossoming altar of Fedhas.
 18292 | D:14     | Reached skill level 5 in Throwing
 18307 | D:14     | Found a runed door.
 18350 | D:14     | Reached XP level 14. HP: 123/133 MP: 15/15
 18781 | D:14     | Reached skill level 6 in Throwing
 18799 | D:14     | HP: 32/133 [ice dragon (12)]
 18873 | D:14     | Found a gate to the Vaults.
 19020 | D:14     | Reached skill level 11 in Shields
 19169 | D:14     | Noticed a quicksilver dragon
 19178 | D:14     | Noticed a sphinx
 19178 | D:14     | a quicksilver dragon changed into a sphinx
 19183 | D:14     | Killed a sphinx
 19357 | D:15     | Entered Level 15 of the Dungeon
 19373 | D:15     | Found Kyox's Antique Weapon Shop.
 19436 | D:15     | Reached skill level 7 in Throwing
 19486 | D:15     | Found a staircase to the Depths.
 19676 | D:15     | Noticed Kirke
 19710 | D:15     | Noticed a sphinx
 19711 | D:15     | Killed Kirke
 19726 | D:15     | Reached skill level 8 in Throwing
 20034 | D:15     | Reached skill level 12 in Shields
 21635 | Lair:7   | Reached XP level 15. HP: 140/140 MP: 16/16
 21892 | Lair:7   | Got a polished long sword
 22398 | Lair:8   | Entered Level 8 of the Lair of Beasts
 22482 | Lair:8   | Gained mutation: Your muscles are strong. (Str +2) [potion of beneficial mutation]
 22483 | Lair:8   | Identified the +3 long sword of Ashenzari's Whim {slice, rN++ MR+ Dex+3} (You found it on level 7 of the Lair of Beasts)
 22808 | Lair:8   | Found a staircase to the Slime Pits.
 22967 | Lair:8   | Reached skill level 17 in Unarmed Combat
 23016 | Lair:8   | Found a burning altar of Makhleb.
 23078 | Lair:8   | HP: 18/140 [hell beast (24)]
 23083 | Lair:8   | HP: 29/140 [hell beast (15)]
 23085 | Lair:8   | Reached skill level 13 in Shields
 23194 | Lair:8   | Found a gateway to Hell.
 23202 | Lair:8   | Got a fine glass ring
 23207 | Lair:8   | Identified the ring of the Komtur {rElec rN+ Dex+5} (You found it on level 8 of the Lair of Beasts)
 23767 | Orc:1    | Entered Level 1 of the Orcish Mines
 23973 | Orc:2    | Found Zujol's Jewellery Shoppe.
 23981 | Orc:2    | Reached skill level 4 in Invocations
 24006 | Orc:2    | Found Aggoh's Book Emporium.
 24033 | Orc:2    | Found Icisoweu's Distillery.
 24069 | Orc:2    | Bought a potion of heal wounds for 75 gold pieces
 24069 | Orc:2    | Bought a potion of heal wounds for 75 gold pieces
 24069 | Orc:2    | Bought a potion of beneficial mutation for 525 gold pieces
 24069 | Orc:2    | Gained mutation: Your mind is acute. (Int +2) [potion of beneficial mutation]
 24902 | Orc:4    | Entered Level 4 of the Orcish Mines
 24902 | Orc:4    | Found a staircase to the Elven Halls.
 24949 | Orc:4    | Found a labyrinth entrance.
 24972 | Lab      | Entered a labyrinth
 25591 | Lab      | Got a smoking long sword
 25640 | Orc:4    | Noticed Snorg
 25648 | Orc:4    | Killed Snorg
 25728 | Orc:3    | Identified a +6 lightning rod (10/10) (You took it off a minotaur in a labyrinth)
 25804 | Orc:4    | Found Utuyty's General Store.
 25804 | Orc:4    | Found Unwamara's Antique Armour Boutique.
 25804 | Orc:4    | Found Yjemej's Jewellery Shop.
 25804 | Orc:4    | Found Nafut's Distillery.
 25837 | Orc:4    | Bought a plain deck of summoning for 196 gold pieces
 25838 | Orc:4    | Bought a scorched cloak for 304 gold pieces
 25867 | Orc:4    | Identified the cursed +0 cloak of the Thirteen Realms {MR++ Str+4} (You bought it in a shop on level 4 of the Orcish Mines)
 25877 | Orc:4    | Bought a potion of might for 44 gold pieces
 25877 | Orc:4    | Bought 2 potions of curing for 66 gold pieces
 25877 | Orc:4    | Bought a potion of curing for 33 gold pieces
 26677 | Depths:1 | Entered Level 1 of the Depths
 26678 | Depths:1 | Paralysed by a great orb of eyes for 4 turns
 26682 | Depths:1 | HP: 34/143 [cyan very ugly thing (18)]
 26691 | D:15     | HP: 20/143 [frost giant/bolt of cold (43)]
 26780 | D:15     | Reached skill level 8 in Fighting
 26780 | D:15     | Reached skill level 5 in Invocations
 26797 | D:15     | Reached skill level 7 in Dodging
 26799 | D:15     | HP: 28/143 [frost giant/bolt of cold (55)]
 26944 | Depths:1 | Reached XP level 16. HP: 110/152 MP: 19/19
 27277 | Depths:1 | Reached skill level 6 in Invocations
 27425 | Depths:1 | Reached skill level 14 in Shields
 27541 | Depths:1 | HP: 26/152 [ettin (illusionary)/dire flail (41)]
 27575 | Depths:1 | HP: 37/152 [ettin/dire flail (8)]
 27577 | Depths:1 | Found a runed door.
 27577 | Depths:1 | Noticed a quicksilver dragon
 27577 | Depths:1 | HP: 6/152 [fire dragon/blast of flame (21)]
 27578 | Depths:1 | Noticed a titan
 27578 | Depths:1 | Hit by a large rock thrown by a stone giant

Action                   |  1- 3 |  4- 6 |  7- 9 | 10-12 | 13-15 | 16-18 || total
-------------------------+-------+-------+-------+-------+-------+-------++-------
Melee: Unarmed           |    55 |   121 |   349 |   780 |  1474 |   188 ||  2967
Throw: Large rock        |       |       |       |       |    22 |       ||    22
       Throwing net      |       |       |       |       |     1 |       ||     1
Invok: Divine Shield     |       |       |       |       |     1 |       ||     1
       Cleansing Flame   |       |       |       |       |     1 |       ||     1
Evoke: Wand              |       |       |     1 |    20 |     4 |       ||    25
       Deck              |       |       |       |     3 |     2 |     4 ||     9
       Rod               |       |       |       |       |     4 |       ||     4
  Use: Scroll            |       |     6 |    19 |     9 |    16 |     2 ||    52
       Potion            |       |     1 |       |       |     7 |     1 ||     9
 Stab: Sleeping          |       |     1 |     1 |       |       |       ||     2
  Eat: Chunk             |     5 |    18 |    31 |    74 |   110 |    12 ||   250
       Royal jelly       |       |     1 |       |       |     2 |       ||     3
       Beef jerky        |       |       |     1 |       |     2 |       ||     3
       Meat ration       |       |       |     1 |       |     1 |       ||     2
       Pizza             |       |       |     1 |       |       |       ||     1
       Bread ration      |       |       |       |       |     1 |       ||     1

Vault maps used:
D:1:      dpeg_arrival_orchard
D:2:      nicolae_overflow_hidden_temple, ecumenical_altar_2,
          minmay_item_behind_shaft, uniq_iyjb, uniq_jessica
D:3:      lemuel_crystal_altar, nicolae_overflow_crystal_walls,
          gammafunk_temple_overflow_elements, gup_sewer_entry_bubbles,
          minmay_misc_feat_more_columns, uniq_grinder
D:5:      temple_fountains, first_bread, serial_undead, serial_undead_b,
          serial_undead_c, serial_undead_f, serial_undead_b,
          nicolae_ossuary_entry_plus
D:6:      kennysheep_mini_moat, tgw_trog
D:7:      lemuel_insect_pit, lemuel_crystal_altar, lemuel_round_altar,
          basic_altar
D:8:      nemelex_xobeh_ov_fountains_minmay, lair_0_dummy, serial_shops,
          nicolae_shop_stone, hangedman_ranch, uniq_erica, uniq_psyche,
          uniq_prince_ribbit1
D:9:      yredelemnul_altar_generic, st_stairs_3, basic_loot_grate_trap,
          david_defended_altar_elf
D:10:     kennysheep_another_room, nicolae_ru_path_of_blood
D:11:     serial_shops, shop, serial_bayou_pond_e
D:12:     david_orc_3, uniq_nergalle
D:13:     fedhas_altar_3
D:14:     david_vaults_4, minmay_tree_intersection, minmay_hidden_floor
D:15:     gammafunk_depths_entry_grave, serial_shops, shop, minivault_19,
          minmay_misc_feat_diagonals, lightli_minifort, uniq_kirke
Lair:2:   roderic_carrion_pond
Lair:3:   nicolae_spider_entry_tight_spaces, grunt_forest_small_clearing_treed,
          grunt_megastairs_2, uniq_fannar
Lair:4:   serial_bayou_pond_d, beast_lair_carwin_4, lemuel_fruit_fields,
          grunt_megastairs_4
Lair:5:   minmay_stone_trees_large, nicolae_lair_grove_arrangements,
          grunt_forest_large_clearings, lemuel_fruit_fields
Lair:6:   shoals_dummy_entry, serial_bayou_shore_b, bh_autumn_forest_stairs,
          serial_bayou_shore_b
Lair:8:   evil_forest, slime_dummy, st_stairs_11
Orc:1:    basic_altar, serial_shops, nicolae_shop_temple_entry_statues_fountains
Orc:2:    serial_shops, shop, shop_statue, shop_statue
Orc:3:    nicolae_orc_pool_cavern
Orc:4:    st_orc_ogre_mass, lab_entry_generic, uniq_snorg
Depths:1: bh_walls_and_bars, grunt_hell_entry_dis_mu, st_stairs_4,
          grunt_ministairs_9, minivault_14, dk_noncrumbling_2,
          lightli_gold_pyramid
Lab:      nicolae_lab_lava, nicolae_lab_big_swirl
Sewer:    sewer_big_baddie
Ossuary:  ossuary_minmay_four_chambers

Table legend:
 A = Turns spent in this place as a percentage of turns spent in the entire game.
 B = Non-inter-level travel turns spent in this place as a percentage of non-inter-level travel turns spent in the entire game.
 C = Inter-level travel turns spent in this place as a percentage of turns spent in this place.
 D = Turns resting spent in this place as a percentage of non-inter-level travel turns spent in this place.
 E = Turns spent auto-exploring this place as a percentage of non-inter-level travel turns spent in this place.
 F = Non-inter-level travel turns spent in this place divided by the number of levels of this place that you've seen.
                   A       B       C       D       E      F
               +-------+-------+-------+-------+-------+----------------------
         Total | 100.0 | 100.0 |   0.6 |   1.2 |   6.1 | 371.9
       Dungeon |  50.3 |  50.3 |   0.7 |   1.3 |   7.2 | 386.5
          Lair |  30.1 |  30.0 |   0.7 |   1.4 |   5.3 | 432.6
  Orcish Mines |   7.6 |   7.6 |   0.5 |   0.5 |  11.2 | 220.2
        Depths |   3.6 |   3.6 |   0.0 |   1.4 |   1.0 | 416.0
     Labyrinth |   6.1 |   6.1 |   0.0 |   0.0 |   0.0 | 702.0
         Sewer |   1.0 |   1.0 |   0.0 |   0.0 |   4.4 | 113.0
       Ossuary |   1.4 |   1.4 |   0.0 |   2.5 |   0.6 | 157.0
               +-------+-------+-------+-------+-------+----------------------

Table legend:
 A = Kills in this place as a percentage of kills in entire the game.
 B = Kills by you in this place as a percentage of kills by you in the entire game.
 C = Kills by friends in this place as a percentage of kills by friends in the entire game.
 D = Other kills in this place as a percentage of other kills in the entire game.
 E = Experience gained in this place as a percentage of experience gained in the entire game.
 F = Experience gained in this place divided by the number of levels of this place that you have seen.
                   A       B       C       D       E      F
               +-------+-------+-------+-------+-------+----------------------
         Total | 100.0 | 100.0 | 100.0 | 100.0 | 100.0 | 5609.7
       Dungeon |  51.0 |  50.9 |   0.0 | 100.0 |  40.7 | 4714.9
          Lair |  29.8 |  29.8 | 100.0 |   0.0 |  35.6 | 7738.5
  Orcish Mines |  13.1 |  13.2 |   0.0 |   0.0 |   8.6 | 3726.2
        Depths |   3.8 |   3.8 |   0.0 |   0.0 |  13.9 | 24090.0
     Labyrinth |   0.2 |   0.2 |   0.0 |   0.0 |   0.7 | 1278.0
         Sewer |   0.6 |   0.6 |   0.0 |   0.0 |   0.1 | 142.0
       Ossuary |   1.5 |   1.5 |   0.0 |   0.0 |   0.5 | 854.0
               +-------+-------+-------+-------+-------+----------------------
